 Dungeon Crawl Stone Soup version 0.18-a0-1229-ge9a1a01 (webtiles) character file.

1355 namelastname112 the Digger (level 8, 0/56 HPs)
             Began as a Yellow Draconian Earth Elementalist on Feb 4, 2016.
             Succumbed to a killer bee's poison
             ... on level 8 of the Dungeon.
             The game lasted 00:11:54 (6380 turns).

namelastname112 the Digger (DrEE)                   Turns: 6380, Time: 00:11:55

Health: 0/56       AC: 13    Str: 10    XL:     8   Next: 37%
Magic:  0/15       EV: 12    Int: 15    God:
Gold:   274        SH:  0    Dex:  9    Spells: 2 memorised, 13 levels left

rFire  + . .     SeeInvis .     G - +2 quarterstaff (protect)
rCold  + . .     Gourm    .     (armour unavailable)
rNeg   . . .     Faith    .     (shield currently unavailable)
rPois  .         Spirit   +     (helmet restricted)
rElec  .         Dismiss  .     r - +0 cloak
rCorr  +         Reflect  .     v - +0 pair of gloves
SustAt .         Harm     .     (no boots)
MR     .....                    f - amulet of guardian spirit
Stlth  ..........               (no ring)
                                y - ring "Ewau" {+Inv rF+ rC+ Dex-2 Stlth-} (curse)

@: lethally poisoned (0 -> -11), short of breath, not resistant to hostile
enchantments, extremely unstealthy
A: spit acid, acid resistance, unfitting armour, stinger 1, talons 1, dopey 2,
frail 1, cold-blooded, AC +6
a: Spit Acid, Evoke Invisibility


You were on level 8 of the Dungeon.
You were hungry.

You visited 1 branch of the dungeon, and saw 6 of its levels.

You collected 361 gold pieces.
You spent 87 gold pieces at shops.

Inventory:

Hand Weapons
 G - a +2 quarterstaff of protection (weapon)
Missiles
 a - 225 stones (quivered)
Armour
 r - a +0 cloak (worn)
 v - a +0 pair of gloves (worn)
Jewellery
 f - an amulet of guardian spirit (around neck)
 y - the cursed ring "Ewau" (left hand) {+Inv rF+ rC+ Dex-2 Stlth-}
   (You found it on level 4 of the Dungeon)

   [ring of dexterity]

   It affects your dexterity (-2).
   It protects you from fire.
   It protects you from cold.
   It lets you turn invisible.
   It makes you less stealthy.
   It has a curse placed upon it.
 F - an uncursed ring of poison resistance {unknown}
 H - an uncursed amulet of regeneration {unknown}
Wands
 n - a wand of flame (23/48)
 q - a wand of flame (7/48)
Scrolls
 d - 3 scrolls of amnesia {unknown}
 e - a scroll of teleportation {unknown}
 h - a scroll of fog {unknown}
 i - 10 scrolls of identify {unknown}
 j - 6 scrolls of remove curse {unknown}
 k - 2 scrolls of immolation {unknown}
 l - 2 scrolls of recharging {unknown}
 u - a scroll of random uselessness {unknown}
 x - a scroll of enchant armour {unknown}
 C - a scroll of blinking {unknown}
Potions
 m - a potion of ambrosia {unknown}
 o - a potion of cancellation {unknown}
 p - a potion of agility {unknown}
 t - a potion of magic {unknown}
 w - a potion of poison {unknown}
Books
 b - a book of Geomancy

   Spells                             Type                      Level
   a - Sandblast                      Earth                        1
   b - Stoneskin                      Transmutation/Earth          2
   c - Passwall                       Transmutation/Earth          3
   d - Stone Arrow                    Conjuration/Earth            3
   e - Petrify                        Transmutation/Earth          4
   f - Lee's Rapid Deconstruction     Earth                        5
 E - a Young Poisoner's Handbook

   Spells                             Type                      Level
   a - Sting                          Conjuration/Poison           1
   b - Cure Poison                    Poison                       2
   c - Mephitic Cloud                 Conjuration/Poison/Air       3
   d - Olgreb's Toxic Radiance        Poison                       4
   e - Venom Bolt                     Conjuration/Poison           5
Comestibles
 c - 4 bread rations
 g - a beef jerky
 z - a meat ration
 A - 2 fruits


   Skills:
 + Level 3.4 Fighting
   Level 4.2(4.4) Polearms
 * Level 2.0(3.3) Staves
 + Level 3.4 Dodging
 - Level 1.7 Stealth
 - Level 5.2 Spellcasting
   Level 1.0 Transmutations
 - Level 6.1 Earth Magic


You had 13 spell levels left.
You knew the following spells:

 Your Spells              Type           Power        Failure   Level  Hunger
a - Stone Arrow           Conj/Erth      ##....       17%         3    ###....
z - Sandblast             Erth           ###...       1%          1    None


Dungeon Overview and Level Annotations

Branches:
Dungeon (5/15)
 Temple: D:4-7

Altars:
Dithmenos
Elyvilon
Nemelex Xobeh
Okawaru
Qazlal
Ru
Sif Muna
Trog
The Shining One

Shops:
D:5 (


Innate Abilities, Weirdness & Mutations

You can spit globs of acid.
You are resistant to acid.
Your golden yellow scales are hard (AC +6).
Your body does not fit into most forms of armour.
You are cold-blooded and may be slowed by cold attacks.
Your tail ends in a poisonous barb.
You have sharp toenails.
You are very dopey. (Int -4)
You are frail (-10% HP).


Message History

Unknown command.
Casting: Sandblast
Confirm with . or Enter, or press ? or * to list all spells.
Aiming: Sandblast
Press: ? - help, Shift-Dir - straight line, f - killer bee
Aim: a killer bee The blast of sand hits the killer bee.
The killer bee is lightly wounded.
The killer bee closely misses you. The killer bee barely misses you. x2
The killer bee misses you.
You barely miss the killer bee.
The killer bee is lightly wounded.
* * * LOW HITPOINT WARNING * * *
You feel sick.
The killer bee stings you but does no damage. x3
The killer bee stings you.
* * * LOW HITPOINT WARNING * * *
You are more poisoned.
The killer bee poisons you!
You die...

...# #.................#
...y.#...........#.....#
...y....##..######......
#......### #......
###..y...#### ##.....
###.......####.....
#####........#....#
########...y.............#
####........@.y......#.....##
##............#############.##
#.......####### #... ##.######
#... ### #... #.##. . #. #.
..#.### ...##


You could see 2 killer bees.

Vanquished Creatures
  Joseph (D:8)
  Blork the orc (D:4)
  A water moccasin zombie (D:5)
  A wyvern skeleton (D:8)
  2 killer bees (D:8)
  3 crimson imps (D:5)
  A giant frog zombie (D:5)
  A quasit (D:5)
  A centaur zombie (D:5)
  A jelly (D:8)
  2 hounds
  An orc priest (D:4)
  Ijyb (D:3)
  An orc wizard (D:4)
  Natasha (D:4)
  2 iguanas
  2 worker ants (D:5)
  6 gnolls
  8 adders
  A shadow imp (D:5)
  2 adder zombies (D:5)
  4 oozes
  3 worms
  An adder skeleton (D:8)
  A giant gecko (D:5)
  9 orcs
  10 bats
  8 giant cockroaches
  13 hobgoblins
  A jackal (D:4)
  A quokka (D:8)
  3 giant newts
  15 goblins
  12 kobolds
  7 rats
128 creatures vanquished.

Notes
Turn   | Place    | Note
--------------------------------------------------------------
     0 | D:1      | namelastname112 the Draconian Earth Elementalist began the quest for the Orb.
     0 | D:1      | Reached XP level 1. HP: 14/14 MP: 3/3
   190 | D:1      | Reached XP level 2. HP: 5/20 MP: 0/5
   810 | D:1      | Reached XP level 3. HP: 26/26 MP: 2/7
   910 | D:1      | Learned a level 3 spell: Stone Arrow
  1574 | D:2      | Reached skill level 4 in Earth Magic
  1697 | D:2      | Found a stormy altar of Qazlal.
  1703 | D:2      | Reached XP level 4. HP: 24/33 MP: 5/8
  1844 | D:2      | Found a sparkling altar of Nemelex Xobeh.
  1925 | D:2      | Gained mutation: Your magical capacity is low (-10% MP). [helix card]
  1929 | D:2      | Lost mutation: Your magical capacity is low (-10% MP). [helix card]
  1929 | D:2      | Gained mutation: You are dopey. (Int -2) [helix card]
  1930 | D:2      | Gained mutation: You are frail (-10% HP). [helix card]
  2259 | D:2      | Found an iron altar of Okawaru.
  2322 | D:2      | Found a bloodstained altar of Trog.
  2322 | D:2      | Found a white marble altar of Elyvilon.
  2644 | D:3      | Found a glowing golden altar of the Shining One.
  2737 | D:3      | Noticed Ijyb
  2781 | D:3      | Killed Ijyb
  2781 | D:3      | Reached XP level 5. HP: 19/34 MP: 2/10
  3144 | D:3      | Reached skill level 5 in Earth Magic
  3963 | D:4      | Noticed Blork the orc
  3973 | D:4      | Killed Blork the orc
  3973 | D:4      | Reached XP level 6. HP: 35/40 MP: 0/12
  4133 | D:4      | Found a sacrificial altar of Ru.
  4566 | D:4      | Got a crude lead ring
  4586 | D:4      | Identified the cursed ring "Ewau" {+Inv rF+ rC+ Dex-2 Stlth-} (You found it on level 4 of the Dungeon)
  4604 | D:4      | Noticed Natasha
  4609 | D:4      | Killed Natasha
  4823 | D:5      | Entered Level 5 of the Dungeon
  4828 | D:5      | Reached skill level 5 in Spellcasting
  4828 | D:5      | Reached skill level 6 in Earth Magic
  4828 | D:5      | Reached XP level 7. HP: 45/45 MP: 10/14
  4828 | D:5      | Your scales start taking on a golden yellow colour.
  4901 | D:5      | Reached skill level 1 in Polearms
  4949 | D:5      | Reached skill level 1 in Fighting
  5057 | D:5      | Found a deep blue altar of Sif Muna.
  5118 | D:5      | Found Eseittik's Antique Weapon Emporium.
  5126 | D:5      | Bought a runed trident for 87 gold pieces
  5506 | D:5      | Found a shadowy altar of Dithmenos.
  5703 | D:5      | You fall through a shaft for 3 floors!
  5904 | D:8      | Noticed Joseph
  5929 | D:8      | Killed Joseph
  5929 | D:8      | Reached XP level 8. HP: 17/55 MP: 0/15
  6303 | D:8      | Reached skill level 1 in Staves
  6370 | D:8      | Gained mutation: Your tail ends in a poisonous barb. [potion of mutation]
  6370 | D:8      | Gained mutation: You have sharp toenails. [potion of mutation]
  6370 | D:8      | Gained mutation: You are very dopey. (Int -4) [potion of mutation]
  6379 | D:8      | HP: 1/56 [killer bee (2)]
  6380 | D:8      | Succumbed to a killer bee's poison

Vault maps used:
D:1:      dpeg_arrival_lava_temple_mockup, minmay_misc_feat_pillars
D:2:      kennysheep_the_goblin_king, nemelex_deck,
          gammafunk_temple_overflow_pools, nicolae_overflow_crystal_walls,
          okawaru_ov_weapons_minmay
D:3:      tso_metal_star, first_bread, uniq_iyjb
D:4:      nicolae_ru_great_annihilating_truth, serial_bayou_ford_a,
          uniq_blork_the_orc, uniq_natasha
D:5:      lemuel_crystal_altar, old_standard_altar, serial_shops, shop
D:8:      serial_shops, shop, uniq_joseph

Action                   |  1- 3 |  4- 6 |  7- 9 || total
-------------------------+-------+-------+-------++-------
Melee: Unarmed           |    19 |       |       ||    19
       Dagger            |    36 |    47 |       ||    83
       Trident           |       |       |    70 ||    70
       Spear             |       |       |    29 ||    29
       Quarterstaff      |       |       |    10 ||    10
 Cast: Sandblast         |    76 |   187 |    79 ||   342
       Stone Arrow       |       |     2 |       ||     2
 Abil: Spit Acid         |       |       |     3 ||     3
Evoke: Deck              |       |     7 |       ||     7
       Wand              |       |     4 |     3 ||     7
  Use: Potion            |       |       |     3 ||     3
  Eat: Chunk             |     3 |       |     5 ||     8
